 Dungeon Crawl Stone Soup version 0.32-a0-685-g93135e86f0 (webtiles) character file.

Game seed: 14811765504805408236

18 ezpacito the Chopper (level 2, -1/24 HPs)
             Began as a Coglin Chaos Knight on Mar 13, 2024.
             Was a Plaything of Xom.
             Succumbed to a kobold's poison
             ... on level 1 of the Dungeon.
             The game lasted 00:00:36 (254 turns).

ezpacito the Chopper (Coglin Chaos Knight)           Turns: 254, Time: 00:00:37

Health: -1/24      AC:  5    Str: 12    XL:     2   Next: 66%
Magic:  2/2        EV: 11    Int: 11    God:    Xom [..*...]
Gold:   12         SH:  0    Dex: 13    Spells: 1/1 levels left

rFire   . . .        a - +0 hand axe (chaos) {Jia}
rCold   . . .        d - +0 dagger {Junzo}
rNeg    . . .        b - +2 leather armour
rPois   .            (helmet restricted)
rElec   .            (no cloak)
rCorr   .            (no gloves)
SInv    .            (no boots)
Will    .....        (amulet unavailable)
Stlth   +            (ring unavailable)
HPRegen 0.24/turn    (ring unavailable)
MPRegen 0.08/turn    (no gizmo)

%: no passive effects
@: lethally poisoned (-1 -> -17), revved
A: off-hand wielding, slow wielding, warmup strikes, no jewellery, antennae 1
a: Invent Gizmo, Renounce Religion


You were on level 1 of the Dungeon.
You worshipped Xom.
You were a toy of Xom.
You visited 1 branch of the dungeon, and saw 1 of its levels.

You collected 12 gold pieces.

Inventory:

Hand Weapons
 a - a +0 hand axe of chaos (weapon) {Jia}
 d - a +0 dagger (offhand) {Junzo}
Missiles
 h - 4 poisoned darts (quivered)
Armour
 b - a +2 leather armour (worn)
Scrolls
 c - a scroll of butterflies
 e - a scroll of teleportation {unknown}
 f - a scroll of vulnerability {unknown}
 i - a scroll of identify {unknown}


   Skills:
 * Level 3.1 Fighting
 * Level 3.1(3.2) Axes
 + Level 0.3(1.7) Polearms
 * Level 2.0 Armour
 * Level 1.2 Dodging
 + Level 0.1 Stealth
 + Level 0.4 Spellcasting


You had one spell level left.
You didn't know any spells.
Your spell library was empty.

Dungeon Overview and Level Annotations

Branches:
Dungeon (1/15)

Altars:


Innate Abilities, Weirdness & Mutations

You can wield a second weapon in your off-hand.
It takes a long time for you to wield or remove held weapons.
Your first few attacks do less damage.
You cannot equip rings or amulets.
You have a pair of small antennae on your head.


Message History

Health restored: 24 The kobold shouts!
You miss the kobold with your +0 dagger.
You closely miss the kobold with your +0 hand axe of chaos.
The kobold hits you but does no damage.
You are poisoned.
You closely miss the kobold with your +0 hand axe of chaos.
You barely miss the kobold with your +0 dagger.
You feel sick. The kobold closely misses you.
You take 2 damage, and have 22/24 hp.
You hit the kobold but do no damage.
The kobold is poisoned.
You hit the kobold but do no damage.
You feel sick.
The kobold hits you with a +1 short sword of venom.
You are lethally poisoned!
You take 5 damage, and have 17/24 hp.
MASSIVE DAMAGE!!
You closely miss the kobold with your +0 hand axe of chaos.
The kobold is moderately wounded.
You closely miss the kobold with your +0 dagger.
You feel very sick. The kobold misses you.
You take 4 damage, and have 13/24 hp.
You are too injured to fight recklessly!
You are too injured to fight recklessly!
You are too injured to fight recklessly!
You are too injured to fight recklessly!
You are too injured to fight recklessly!
It was a potion of mutation.
You feel extremely strange. A pair of antennae grows on your head!
You feel very sick.
The kobold hits you with a +1 short sword of venom.
You are more poisoned.
You take 5 damage, and have 8/24 hp.
MASSIVE DAMAGE!!
You hit the kobold with your +0 hand axe of chaos.
Lightning courses through the kobold!
You kill the kobold!
* * * LOW HITPOINT WARNING * * *
You feel very sick.
You take 5 damage, and have 3/24 hp.
MASSIVE DAMAGE!!
You die...
Xom guffaws!

......#...............
................#....
#..............#...#
#..................#
###+#...............####
#.$........#......).# #
#..........#........# #
#..........#.......## #
#......@...#.......# #
#..........+......## #
#..........#......#
#..........#......#
...........#
...........#
...........#
#..........#


There were no monsters in sight!

Vanquished Creatures
  2 endoplasms (D:1)
  2 goblins (D:1)
  6 kobolds (D:1)
  A quokka (D:1)
  A ball python (D:1)
  A bat (D:1)
  A frilled lizard (D:1)
  3 rats (D:1)
17 creatures vanquished.

Notes
Turn   | Place    | Note
-------+----------+-------------------------------------------
     0 | D:1      | ezpacito the Coglin Chaos Knight began the quest for the
                  | Orb.
     0 | D:1      | Reached XP level 1. HP: 18/18 MP: 1/1
    43 | D:1      | Reached skill level 1 in Dodging
    67 | D:1      | Reached XP level 2. HP: 24/24 MP: 2/2
   216 | D:1      | XOM: divination: detect creatures
   252 | D:1      | Gained mutation: You have a pair of small antennae on your
                  | head. [potion of mutation]
   254 | D:1      | Succumbed to a kobold's poison

Illustrated notes

Levels and vault maps discovered:
D:1:      mainiacjoe_arrival_oval_in_oval, layout_basic, minmay_tromino_v2

Skill      XL: |  1  2 |
---------------+-------+-----
Dodging        | 1 |  1.2
Armour         | 2 |  2.0
Fighting       | |  3.1
Axes           | |  3.1
Polearms       | |  0.3
Stealth        | |  0.1
Spellcasting   | |  0.4

Action                     || total
---------------------------++-------
  Melee: Dagger            ||    40
         Hand axe          ||    39
    Use: Potion            ||     1
 Armour: Leather armour    ||    27
  Dodge: Dodged            ||    25

Table legend: (Time is in decaauts)
 A = Elapsed time spent in this place.
 B = Non-inter-level travel time spent in this place.
 C = Inter-level travel time spent in this place.
 D = Time resting spent in this place.
 E = Time spent auto-exploring this place.
 F = Levels seen in this place.
 G = Mean time per level.
                   A        B        C        D        E       F      G
               +--------+--------+--------+--------+--------+-----+--------+
         Total |    257 |    249 |      8 |      0 |    136 |   1 |  257.0 |
       Dungeon |    257 |    249 |      8 |      0 |    136 |   1 |  257.0 |
               +--------+--------+--------+--------+--------+-----+--------+

Top non-repeatable levels by time:
     D:1: 257 daAuts
